 Dungeon Crawl Stone Soup version 0.24-a0-397-g73b976d855 (webtiles) character file.

Game seed: 3198194394441797661

347 incide the Fighter (level 6, -12/57 HPs)
             Began as a Gnoll Wanderer on June 4, 2019.
             Killed from afar by Sigmund the shock serpent (glowing shapeshifter) (22 damage)
             ... with a bolt of electricity
             ... on level 3 of the Dungeon.
             The game lasted 00:05:47 (2298 turns).

incide the Fighter (Gnoll Wanderer)                 Turns: 2298, Time: 00:05:48

Health: -12/57     AC: 10    Str: 15    XL:     6   Next: 59%
Magic:  9/9        EV: 10    Int: 17    God:
Gold:   119        SH:  0    Dex: 13    Spells: 9/9 levels left

rFire    . . .     SeeInvis .   q - +3 quarterstaff (chaos)
rCold    . . .     Gourm    .   (shield currently unavailable)
rNeg     . . .     Faith    .   d - +2 scale mail
rPois    .         Spirit   .   (no helmet)
rElec    .         Reflect  .   r - +0 cloak
rCorr    .         Harm     .   (no gloves)
MR       .....                  (no boots)
Stlth    +.........             (no amulet)
HPRegen  0.19/turn              (no ring)
MPRegen  0.11/turn              (no ring)

@: no status effects
A: distributed training, fangs 1, strong nose
a: no special abilities


You were on level 3 of the Dungeon.
You were hungry.

You visited 1 branch of the dungeon, and saw 3 of its levels.

You collected 119 gold pieces.

Inventory:

Hand Weapons
 e - a +0 dagger
 h - a +0 mace
 j - a +0 hand axe of electrocution
 q - a +3 quarterstaff of chaos (weapon)
Missiles
 t - 3 silver boomerangs (quivered)
Armour
 d - a +2 scale mail (worn)
 r - a +0 cloak (worn)
Wands
 p - a wand of flame (29)
Scrolls
 a - a scroll of fog {unknown}
 b - 2 scrolls of teleportation
 g - a scroll of enchant weapon {unknown}
 i - 5 scrolls of identify {unknown}
 l - 3 scrolls of blinking {unknown}
Potions
 c - a potion of lignification
 k - a potion of agility {unknown}
 m - 2 potions of might {unknown}
 n - 2 potions of degeneration {unknown}
 o - a potion of magic {unknown}
 s - a potion of mutation {unknown}
 u - a potion of flight {unknown}
 v - a potion of curing {unknown}
Comestibles
 f - 3 rations


   Skills:
 + Level 8.7 Fighting
 + Level 2.0 Short Blades
 + Level 2.0 Long Blades
 + Level 3.2 Axes
 + Level 2.0 Maces & Flails
 + Level 2.0 Polearms
 + Level 2.0 Staves
 + Level 2.0 Slings
 + Level 2.0 Bows
 + Level 2.0 Crossbows
 + Level 2.0 Throwing
 + Level 3.2 Armour
 + Level 3.2 Dodging
 + Level 4.6 Stealth
 + Level 3.2 Shields
 + Level 2.0 Unarmed Combat
 + Level 2.0 Spellcasting
 + Level 1.5 Conjurations
 + Level 1.5 Hexes
 + Level 1.5 Charms
 + Level 1.5 Summonings
 + Level 1.5 Necromancy
 + Level 1.5 Translocations
 + Level 1.5 Transmutations
 + Level 1.5 Fire Magic
 + Level 1.5 Ice Magic
 + Level 1.5 Air Magic
 + Level 1.5 Earth Magic
 + Level 1.5 Poison Magic
 + Level 2.2 Invocations
 + Level 2.0 Evocations


You had 9 spell levels left.
You didn't know any spells.
Your spell library was empty.

Dungeon Overview and Level Annotations

Branches:
Dungeon (3/15)

Altars:

Annotations:
D:3 Sigmund


Innate Abilities, Weirdness & Mutations

Your experience applies equally to all skills.
You have very sharp teeth.
Your uncanny sense of smell can sniff out nearby items.


Message History

Sigmund the shining eye changes into a faun!
You hit Sigmund. You freeze Sigmund.
Sigmund is moderately wounded.
Sigmund misses you.
You thump Sigmund! You burn Sigmund.
Sigmund is heavily wounded.
Sigmund the faun changes into a shock serpent!
You closely miss Sigmund. You bite Sigmund, but do no damage.
Sigmund is moderately wounded.
Sigmund bites you but does no damage. Sigmund bites you! Sigmund shocks you!
You closely miss Sigmund.
Sigmund is moderately wounded.
Sigmund closely misses you.
You sock Sigmund!
You feel better.
Sigmund is heavily wounded.
Sigmund's electric aura discharges, shocking you!
* * * LOW HITPOINT WARNING * * *
Sigmund shoots out a bolt of lightning at you!
The bolt of electricity hits you!!
You die...

#### .######...
.......... #.#####.##..
#### #.......###. ..#
#######.###† ####.#
#...). ∆
#....############..###
#..@S)........#..# #
#..##########.#..###
#..# ######....... #..#
#......†..### ######..#
#.####...## ........#
#.# #...# #######.# #.#
#...# #####.# #.#
#...####
#.....#####.####...>...


You could see Sigmund the shock serpent shaped shifter.

Vanquished Creatures
  Crazy Yiuf (D:2)
  An orc wizard (D:3)
  An orc priest (D:3)
  Jessica (D:2)
  Terence (D:2)
  Natasha (thrice) (D:2)
  A gnoll (D:1)
  5 adders
  2 oozes (D:1)
  2 worms
  A dart slug (D:2)
  A leopard gecko (D:1)
  5 orcs (D:3)
  6 bats
  5 giant cockroaches
  8 goblins
  11 hobgoblins
  A quokka (D:2)
  3 frilled lizards (D:1)
  7 rats
66 creatures vanquished.

Notes
Turn   | Place    | Note
-------+----------+-------------------------------------------
     0 | D:1      | incide the Gnoll Wanderer began the quest for the Orb.
     0 | D:1      | incide set off with the following items: a +0 club, a
                  | scroll of teleportation, a potion of lignification, a +2
                  | scale mail, a +0 dagger, a ration
     0 | D:1      | Reached XP level 1. HP: 26/26 MP: 1/1
   176 | D:1      | Reached XP level 2. HP: 33/33 MP: 2/2
   203 | D:1      | Reached XP level 3. HP: 27/38 MP: 3/3
   393 | D:1      | Reached skill level 1 in Invocations
   965 | D:2      | Reached skill level 1 in Short Blades
   965 | D:2      | Reached skill level 1 in Long Blades
   965 | D:2      | Reached skill level 1 in Maces & Flails
   965 | D:2      | Reached skill level 1 in Polearms
   965 | D:2      | Reached skill level 1 in Staves
   965 | D:2      | Reached skill level 1 in Slings
   965 | D:2      | Reached skill level 1 in Bows
   965 | D:2      | Reached skill level 1 in Crossbows
   965 | D:2      | Reached skill level 1 in Throwing
   965 | D:2      | Reached skill level 1 in Unarmed Combat
   965 | D:2      | Reached skill level 1 in Spellcasting
   965 | D:2      | Reached skill level 1 in Evocations
  1051 | D:2      | Noticed Terence
  1052 | D:2      | Reached XP level 4. HP: 40/45 MP: 5/5
  1064 | D:2      | Killed Terence
  1212 | D:2      | Reached skill level 1 in Conjurations
  1212 | D:2      | Reached skill level 1 in Hexes
  1212 | D:2      | Reached skill level 1 in Charms
  1212 | D:2      | Reached skill level 1 in Summonings
  1212 | D:2      | Reached skill level 1 in Necromancy
  1212 | D:2      | Reached skill level 1 in Translocations
  1212 | D:2      | Reached skill level 1 in Transmutations
  1212 | D:2      | Reached skill level 1 in Fire Magic
  1212 | D:2      | Reached skill level 1 in Ice Magic
  1212 | D:2      | Reached skill level 1 in Air Magic
  1212 | D:2      | Reached skill level 1 in Earth Magic
  1212 | D:2      | Reached skill level 1 in Poison Magic
  1387 | D:2      | Noticed Jessica
  1395 | D:2      | Killed Jessica
  1395 | D:2      | Reached XP level 5. HP: 35/51 MP: 5/7
  1418 | D:2      | Noticed Natasha
  1425 | D:2      | Killed Natasha
  1425 | D:2      | Reached skill level 3 in Axes
  1425 | D:2      | Reached skill level 3 in Armour
  1425 | D:2      | Reached skill level 3 in Dodging
  1425 | D:2      | Reached skill level 3 in Shields
  1681 | D:2      | Noticed Natasha
  1689 | D:2      | Killed Natasha
  1763 | D:2      | Found a runed translucent door.
  1764 | D:2      | Noticed Crazy Yiuf
  1777 | D:2      | Killed Crazy Yiuf
  1903 | D:2      | Noticed Natasha
  1911 | D:2      | Killed Natasha
  1911 | D:2      | Reached skill level 2 in Invocations
  1911 | D:2      | Reached XP level 6. HP: 52/57 MP: 8/8
  1949 | D:3      | Found a faded altar of an unknown god.
  2112 | D:3      | Reached skill level 2 in Short Blades
  2112 | D:3      | Reached skill level 2 in Long Blades
  2112 | D:3      | Reached skill level 2 in Maces & Flails
  2112 | D:3      | Reached skill level 2 in Polearms
  2112 | D:3      | Reached skill level 2 in Staves
  2112 | D:3      | Reached skill level 2 in Slings
  2112 | D:3      | Reached skill level 2 in Bows
  2112 | D:3      | Reached skill level 2 in Crossbows
  2112 | D:3      | Reached skill level 2 in Throwing
  2112 | D:3      | Reached skill level 2 in Unarmed Combat
  2112 | D:3      | Reached skill level 2 in Spellcasting
  2112 | D:3      | Reached skill level 2 in Evocations
  2223 | D:3      | Noticed Sigmund
  2288 | D:3      | Noticed Sigmund
  2288 | D:3      | Sigmund changed into Sigmund the glowing shapeshifter
  2288 | D:3      | Noticed Sigmund
  2288 | D:3      | Sigmund the glowing shapeshifter changed into Sigmund the
                  | water nymph
  2291 | D:3      | Noticed Sigmund
  2291 | D:3      | Sigmund the water nymph changed into Sigmund the shining
                  | eye
  2293 | D:3      | Noticed Sigmund
  2293 | D:3      | Sigmund the shining eye changed into Sigmund the faun
  2295 | D:3      | Noticed Sigmund
  2295 | D:3      | Sigmund the faun changed into Sigmund the shock serpent
  2298 | D:3      | HP: 10/57 [Sigmund the shock serpent (glowing
                  | shapeshifter)/electric aura (9)]
  2298 | D:3      | Killed from afar by Sigmund the shock serpent (glowing
                  | shapeshifter)

Levels and vault maps discovered:
D:1:      erik_arrival_blinker_ship, layout_basic
D:2:      layout_loops_cross, uniq_natasha, uniq_terence, uniq_jessica,
          uniq_crazy_yiuf_cottage
D:3:      layout_loops_ring, zin_purify, chequers_ecumenical_altar_simple_redux,
          chequers_serial_rivers_micro_b, uniq_sigmund

Skill      XL: |  1  2  3  4  5  6 |
---------------+-------------------+-----
Invocations    | 1 2 |  2.2
Short Blades   | 1 2 |  2.0
Long Blades    | 1 2 |  2.0
Maces & Flails | 1 2 |  2.0
Polearms       | 1 2 |  2.0
Staves         | 1 2 |  2.0
Slings         | 1 2 |  2.0
Bows           | 1 2 |  2.0
Crossbows      | 1 2 |  2.0
Throwing       | 1 2 |  2.0
Unarmed Combat | 1 2 |  2.0
Spellcasting   | 1 2 |  2.0
Evocations     | 1 2 |  2.0
Conjurations   | 1 |  1.5
Hexes          | 1 |  1.5
Charms         | 1 |  1.5
Summonings     | 1 |  1.5
Necromancy     | 1 |  1.5
Translocations | 1 |  1.5
Transmutations | 1 |  1.5
Fire Magic     | 1 |  1.5
Ice Magic      | 1 |  1.5
Air Magic      | 1 |  1.5
Earth Magic    | 1 |  1.5
Poison Magic   | 1 |  1.5
Axes           | 3 |  3.2
Armour         | 3 |  3.2
Dodging        | 3 |  3.2
Shields        | 3 |  3.2
Fighting       | |  8.7
Stealth        | |  4.6

Action                   |  1- 3 |  4- 6 || total
-------------------------+-------+-------++-------
Melee: Club              |    21 |       ||    21
       Mace              |    35 |       ||    35
       Bite              |     4 |     6 ||    10
       Hand axe          |    28 |    64 ||    92
       Quarterstaff      |       |    69 ||    69
 Stab: Sleeping          |     1 |     1 ||     2
  Eat: Chunk             |       |     4 ||     4
Armor: Scale mail        |    50 |    50 ||   100
Dodge: Dodged            |    58 |    61 ||   119

Table legend:
 A = Non-vault XP
 B = Vault XP
 C = Vault XP percentage of total XP
 D = Non-vault monster count
 E = Vault monster count
 F = Vault count percentage of total count
                 A         B        C        D         E       F
            +---------+---------+-------+---------+---------+-------
      Total |     349 |     148 |  29.8 |      62 |       4 |   6.1
            +---------+---------+-------+---------+---------+-------
        D:1 |      73 |       0 |   0.0 |      29 |       0 |   0.0
        D:2 |     128 |     148 |  53.6 |      16 |       4 |  20.0
        D:3 |     148 |       0 |   0.0 |      17 |       0 |   0.0
            +---------+---------+-------+---------+---------+-------
